 Dungeon Crawl Stone Soup version 0.30.0-16-gbe6223bb7e (webtiles) character file.

Game seed: 1985735608671926624

82 GigaChad the Covered (level 4, 0/40 HPs)
             Began as an Armataur Fighter on May 21, 2023.
             Slain by a ball python (2 damage)
             ... on level 3 of the Dungeon.
             The game lasted 00:02:44 (1786 turns).

GigaChad the Covered (Armataur Fighter)             Turns: 1786, Time: 00:02:45

Health: 0/40       AC:  7    Str: 23    XL:     4   Next: 21%
Magic:  4/4        EV:  7    Int:  8    God:
Gold:   104        SH:  6    Dex: 10    Spells: 3/3 levels left

rFire   . . .        a - +0 war axe
rCold   . . .        c - +2 buckler
rNeg    . . .        b - +0 scale mail
rPois   .            (no helmet)
rElec   .            (no cloak)
rCorr   .            (no gloves)
SInv    .            (no barding)
Will    .....        (no amulet) Stlth
                     (no ring)
HPRegen 0.26/turn    (no ring)
MPRegen 0.09/turn

%: roll
@: no status effects
A: large, rugged brown scales 3, deformed body, armoured tail, roll, long
tongue, awkward tongue
a: no special abilities


You were on level 3 of the Dungeon.
You visited 1 branch of the dungeon, and saw 3 of its levels.

You collected 104 gold pieces.

Inventory:

Hand Weapons
 a - a +0 war axe (weapon)
Armour
 b - a +0 scale mail (worn)
 c - a +2 buckler (worn)
Jewellery
 h - a +4 ring of protection
Wands
 j - a wand of mindburst (11)
Scrolls
 e - a scroll of noise {unknown}
 i - 3 scrolls of identify {unknown}
 k - a scroll of acquirement {unknown}
Potions
 d - a potion of might
 f - a potion of ambrosia {unknown}
 g - 3 potions of curing {unknown}


   Skills:
 * Level 3.2 Fighting
 * Level 2.4 Axes
 * Level 4.2 Armour
 * Level 1.0 Stealth
 * Level 3.7 Shields


You had 3 spell levels left.
You didn't know any spells.
Your spell library was empty.

Dungeon Overview and Level Annotations

Branches:
Dungeon (3/15)

Altars:
Xom


Innate Abilities, Weirdness & Mutations

You are completely covered in rugged brown scales. (AC +3, +7% HP)
Armour fits poorly on your strangely shaped body.
You have a long armoured tail.
You roll when moving toward enemies. (Rampage)
Your long tongue fully drains potion bottles. (2x potion effects)
Your tongue gives you trouble enunciating. (1.5x scroll delay)


Message History

The gnoll hits you from afar with a +0 halberd.
The gnoll hits you with a +0 whip.
You hit the gnoll.
Your tail-slap misses the gnoll.
The gnoll is moderately wounded.
The gnoll barely misses you.
You barely miss the gnoll.
The gnoll is moderately wounded.
You block the gnoll's attack. x2; The gnoll hits you but does no damage.
The gnoll closely misses you.
You hit the gnoll but do no damage. You tail-slap the gnoll.
The gnoll is heavily wounded.
You block the gnoll's attack. The gnoll hits you but does no damage.
You barely miss the gnoll.
The gnoll is heavily wounded.
The gnoll hits you from afar with a +0 halberd.
The gnoll closely misses you.
The gnoll hits you from afar with a +0 halberd!
You block the gnoll's attack.
You are too injured to fight recklessly!
You are too injured to fight recklessly!
You are too injured to fight recklessly!
You are too injured to fight recklessly!
You hit the gnoll.
The gnoll is heavily wounded.
The gnoll hits you but does no damage.
You hit the gnoll.
The gnoll is severely wounded.
You block the gnoll's attack. The gnoll hits you with a +0 whip.
The gnoll closely misses you.
The gnoll hits you from afar with a +0 halberd!
* * * LOW HITPOINT WARNING * * *
You slash the gnoll!
You kill the gnoll!
You block the ball python's attack. The gnoll closely misses you.
You closely miss the ball python.
Your tail-slap misses the ball python.
You block the ball python's attack.
The gnoll hits you from afar with a +0 halberd.
* * * LOW HITPOINT WARNING * * *
The ball python bites you.
You die...

#.....# .# #.....# #.#
≈..≈≈≈. #.....### #.#
≈.≈...≈
........####.####≈.≈._.≈
..(.............#≈.≈...≈
.....?......##.# ≈gg≈≈≈.
..##.##.###.##.##g≈≈≈≈≈≈
...#.##.# #.##..#S......
...#.##.# #.##..@#
...#.##.# #.##.###
...#.######.##.#
...............#
#..#........##.#
#..###########.# #..#
#.# ..†# #.# #..# #.#


You could see 3 gnolls and a ball python.

Vanquished Creatures
  A gnoll (D:3)
  2 worms (D:2)
  6 ball pythons
  5 bats
  3 endoplasms (D:1)
  2 giant cockroaches
  13 goblins
  5 hobgoblins
  3 jackals (D:1)
  10 kobolds
  4 frilled lizards
  7 rats
61 creatures vanquished.

Notes
Turn   | Place    | Note
-------+----------+-------------------------------------------
     0 | D:1      | GigaChad the Armataur Fighter began the quest for the Orb.
     0 | D:1      | Reached XP level 1. HP: 19/19 MP: 1/1
   163 | D:1      | Reached XP level 2. HP: 26/26 MP: 2/2
   359 | D:1      | Reached skill level 4 in Armour
   546 | D:1      | Reached XP level 3. HP: 32/33 MP: 3/3
  1270 | D:2      | Reached skill level 1 in Stealth
  1382 | D:2      | Reached XP level 4. HP: 40/40 MP: 4/4
  1768 | D:3      | Found a shimmering altar of Xom.
  1786 | D:3      | HP: 2/40 [gnoll/+0 halberd (6)]
  1786 | D:3      | Slain by a ball python

Illustrated notes

Levels and vault maps discovered:
D:1:      saegor_arrival_simple_a, layout_loops_ring, grunt_decor_junction,
          minmay_shallow_snake_nest
D:2:      layout_basic, serial_forest, infiniplex_forest_clump_C,
          infiniplex_forest_straight_4, infiniplex_forest_corner_1,
          infiniplex_forest_3_way, infiniplex_forest_lined_3,
          infiniplex_forest_corner_1, infiniplex_forest_corner_1,
          infiniplex_forest_clump_diagonal, infiniplex_forest_lined_4_way,
          minmay_goblin_outpost
D:3:      layout_basic, nemelex_xobeh_ov_fountains_minmay,
          mainiacjoe_overflow_paths, minmay_cupped

Skill      XL: |  1  2  3 |
---------------+----------+-----
Fighting       | 3 |  3.2
Armour         | 4 |  4.2
Axes           | 2 |  2.4
Stealth        | 1 |  1.0
Shields        | |  3.7

Action                     |  1- 3 |  4- 6 || total
---------------------------+-------+-------++-------
  Melee: War axe           |   128 |    15 ||   143
         Tailslap          |     6 |     1 ||     7
    Use: Scroll            |     3 |       ||     3
 Armour: Scale mail        |    58 |     6 ||    64
  Dodge: Dodged            |    35 |    10 ||    45
  Block: Buckler           |    26 |    10 ||    36
